Map: Kairos Junction LE

Players

Necron - Winner!

  • Race: Protoss Protoss
  • League: Gold
  • Spawn Location: 5:00

anfurrax

  • Race: Zerg Zerg
  • League: Platinum
  • Spawn Location: 11:00

VOD

Have the link to the VOD?

Description

Time

  • Played on: Feb. 26, 2019, 4:46 p.m.
  • Length: 5:35
Show
View Real Time Build Order
Export as new Build Order

Necron Protoss - Winner!

Build Orders: 1 Gate Expand 

Get SALT Encoding   

  12  0:01  Probe  
  13  0:13  Probe  
  14  0:20  Pylon  
  14  0:25  Probe  
  15  0:39  Probe  
  15  0:40  Gateway  
  16  0:48  Assimilator  
  16  0:51  Probe  
  17  1:03  Probe  
  18  1:16  Probe  
  19  1:28  Nexus  
  19  1:38  Cybernetics Core  
  19  1:42  Probe  
  20  1:49  Assimilator  
  20  1:50  Probe  
  21  1:55  Pylon  
  21  1:58  Probe  
  21  2:06  Stalker  
  22  2:10  Probe  
  25  2:16  Warp Gate  
  25  2:22  Probe  
  26  2:34  Probe  
  26  2:36  Robotics Facility  
  27  2:43  Probe  
  27  2:45  Stalker  
  27  2:48  Probe  
  30  2:55  Probe  
  31  3:01  Probe  
  31  3:04  Probe  
  32  3:12  Probe  
  33  3:13  Probe  
  33  3:14  Twilight Council  
  35  3:21  Probe  
  35  3:23  Stalker  
  35  3:25  Probe  
  39  3:28  Observer  
  39  3:34  Probe  
  41  3:37  Probe  
  41  3:39  Pylon  
  42  3:46  Gateway, Probe  
  43  3:50  Gateway  
  43  3:51  Probe  
  44  4:03  Probe  
  44  4:04  Probe  
  46  4:11  Assimilator  
  46  4:14  Assimilator  
  46  4:15  Probe  
  47  4:24  Stalker  
  49  4:34  Gateway  
  45  4:42  Shield Battery  
  45  4:45  Pylon  
  45  4:47  Shield Battery  
  45  4:50  Stalker  
  45  4:51  Stalker x2  
  51  5:01  Pylon  
  55  5:20  Stalker x3  
Show
View Real Time Build Order
Export as new Build Order

anfurrax Zerg 

Build Orders: Hatch First 

Get SALT Encoding   

  12  0:04  Drone  
  13  0:18  Overlord  
  13  0:19  Drone  
  14  0:37  Drone x2  
  16  0:49  Drone  
  17  1:00  Hatchery  
  16  1:06  Drone x2  
  18  1:15  Extractor  
  17  1:19  Spawning Pool  
  16  1:34  Overlord  
  16  1:36  Drone x2  
  18  1:45  Drone  
  19  2:07  Queen  
  21  2:11  Zergling x4  
  21  2:13  Queen  
  25  2:16  Drone  
  26  2:27  Zergling x4  
  28  2:44  Drone x3  
  31  2:50  Lair  
  31  2:53  Drone  
  31  2:54  Drone  
  33  3:08  Drone x3  
  36  3:20  Overlord  
  36  3:21  Overlord  
  36  3:39  Zergling x12  
  42  4:04  Zergling x2  
  42  4:05  Zergling x16  
  51  4:10  Metabolic Boost  
  51  4:18  Drone  
  51  4:19  Drone, Baneling Nest  
Tags
 
Add a new tag
Caveats
  • Supply blocks, unpowered buildings, or Contaminate may cause inaccurate times.
  • Supply counts are checked every 10 seconds.